 Dungeon Crawl Stone Soup version 0.29-a0-319-gad05b8d819 (webtiles) character file.

Game seed: 8799776545631380289

5 Leszczynek the Chiller (level 1, 9/19 HPs)
             Began as a Palentonga Wanderer on Apr 1, 2022.
             Quit the game on level 1 of the Dungeon.
             The game lasted 00:02:38 (68 turns).

Leszczynek the Chiller (Palentonga Wanderer)          Turns: 68, Time: 00:02:39

Health: 9/19       AC:  4    Str: 13    XL:     1   Next: 66%
Magic:  3/3        EV:  9    Int: 13    God:
Gold:   11         SH:  0    Dex: 10    Spells: 4/4 levels left

rFire   . . .      SeeInvis +   f - +0 long sword
rCold   . . .      Faith    .   (no shield)
rNeg    . . .      Spirit   .   c - +0 robe
rPois   .          Reflect  .   (no helmet)
rElec   .          Harm     .   (no cloak)
rCorr   .          Rampage  .   (no gloves)
Will    .....                   (no barding)
Stlth   +.........              (no amulet)
HPRegen 0.06/turn               (no ring)
MPRegen 0.08/turn               (no ring)

@: lethally poisoned (9 -> -2), hasted, very quick
A: large, rugged brown scales 3, see invisible, deformed body, roll 1, armoured
tail
a: Rolling Charge


You were on level 1 of the Dungeon.
You visited 1 branch of the dungeon, and saw 1 of its levels.

You collected 11 gold pieces.

Inventory:

Hand Weapons
 a - a +0 club
 f - a +0 long sword (weapon)
 g - a +0 short sword
Armour
 c - a +0 robe (worn)
Scrolls
 b - a scroll of blinking
 d - a scroll of fog
 h - a scroll of vulnerability {unknown}
Potions
 e - a potion of haste


   Skills:
 - Level 3.0 Fighting
 + Level 0.1 Unarmed Combat
 - Level 2.0 Spellcasting
 - Level 1.0 Necromancy
 * Level 3.5 Ice Magic


You had 4 spell levels left.
You didn't know any spells.
Your spell library contained the following spells:

 Spells                   Type           Power      Damage    Failure   Level
 Freeze                   Ice            40%        1d6       6%          1
 Animate Skeleton         Necr           6%         N/A       17%         1
 Frozen Ramparts          Ice            20%        1d4       19%         3
 Vampiric Draining        Necr           3%         2d6       45%         3
 Ice Form                 Ice/Tmut       5%         N/A       77%         4


Dungeon Overview and Level Annotations

Branches:
Dungeon (1/15)

Altars:


Innate Abilities, Weirdness & Mutations

You are completely covered in rugged brown scales. (AC +3, +7% HP)
You have supernaturally acute eyesight. (SInv)
Armour fits poorly on your strangely shaped body.
You can roll at nearby foes to attack.
You have a long armoured tail.


Message History

You barely miss the dart slug. You tail-slap the dart slug.
You kill the dart slug!
A bat comes into view.
Found a scroll labelled JUPTACOSAS and 11 gold pieces.
Unknown command.
The bat hits you but does no damage.
You barely miss the bat. The bat hits you but does no damage.
The bat misses you.
You barely miss the bat. You punch the bat.
You kill the bat!
h - a scroll labelled JUPTACOSAS
Okay, then.
A kobold comes into view.
It is wielding a +1 short sword of venom.
The kobold shouts!
The kobold throws a stone.
The stone barely misses you.
Found a scroll labelled ROJ ZUGGADOMM.
You see here 11 gold pieces.
Memorise Freeze, consuming 1 spell level and leaving 3?
The kobold throws a stone.
Your memorisation is interrupted.
The stone closely misses you.
You now have 11 gold pieces.
The kobold throws a stone.
The stone hits you.
A jackal comes into view.
The kobold throws a stone.
The stone barely misses you.
The kobold throws a stone.
The stone hits you. There's nothing you can charge at!
Unknown command.
The kobold throws a stone.
The stone hits you but does no damage.
The kobold throws a stone.
The stone hits you.
Roll where?
Press: ? - help, Dir - move target, f - kobold
Aim: a kobold, wielding a +1 short sword of venom and quivering stones You roll forward with a clatter of scales!
Found a quarterstaff.
You barely miss the kobold.
You hear a bark! x3
The kobold hits you with a +1 short sword of venom.
You are lethally poisoned!
It was a potion of haste.
You feel yourself speed up.
You feel very sick. The kobold barely misses you.
Are you sure you want to abandon this character and quit the game? (Confirm with "yes".)

.....?..# ..........#
..........#
..........#
..........# #..####
).........# #......
..........# #....###
..........#####......
......K@..#........#
#.#.....°..........#
...#......°........# .
####..##........#####
....###..†..........
...######........#####
## ......#.#######....
###..........#†...
#.....#........≈


You could see a kobold.

Vanquished Creatures
  A dart slug (D:1)
  A bat (D:1)
  A giant cockroach (D:1)
3 creatures vanquished.

Notes
Turn   | Place    | Note
-------+----------+-------------------------------------------
     0 | D:1      | Leszczynek the Palentonga Wanderer began the quest for the
                  | Orb.
     0 | D:1      | Leszczynek set off with the following items: a +0 club, a
                  | scroll of blinking, a +0 robe, a scroll of fog; and the
                  | following spells available to memorise: Freeze, Animate
                  | Skeleton, Frozen Ramparts, Vampiric Draining, Ice Form
     0 | D:1      | Reached XP level 1. HP: 19/19 MP: 3/3
    68 | D:1      | Quit the game

Illustrated notes

Levels and vault maps discovered:
D:1:      dpeg_arrival_water_altar, layout_rooms, hangedman_glass_teeth,
          minmay_cut_off

Action                   || total
-------------------------++-------
Melee: Long sword        ||     6
       Tailslap          ||     2
       Punch             ||     1
 Abil: Rolling Charge    ||     1
  Use: Potion            ||     1
Armor: Robe              ||     4
Dodge: Dodged            ||     6

Table legend: (Time is in decaauts)
 A = Elapsed time spent in this place.
 B = Non-inter-level travel time spent in this place.
 C = Inter-level travel time spent in this place.
 D = Time resting spent in this place.
 E = Time spent auto-exploring this place.
 F = Levels seen in this place.
 G = Mean time per level.
                   A        B        C        D        E       F      G
               +--------+--------+--------+--------+--------+-----+--------+
         Total |     69 |     69 |      0 |      0 |      0 |   1 |   69.0 |
       Dungeon |     69 |     69 |      0 |      0 |      0 |   1 |   69.0 |
               +--------+--------+--------+--------+--------+-----+--------+

Top non-repeatable levels by time:
     D:1: 69 daAuts
